 Dungeon Crawl Stone Soup version 0.31-a0-361-g0f8bd3a (webtiles) character file.

Game seed: 6452427608923399430

51 Dorkslayer the Trooper (level 3, -2/24 HPs)
             Began as a Gargoyle Fighter on July 26, 2023.
             Slain by Sigmund
             ... wielding a +2 scythe of flaming
              (3 damage)
             ... on level 2 of the Dungeon.
             The game lasted 00:03:18 (741 turns).

Dorkslayer the Trooper (Gargoyle Fighter)            Turns: 741, Time: 00:03:20

Health: -2/24      AC: 10    Str: 21    XL:     3   Next: 81%
Magic:  3/3        EV:  9    Int:  8    God:
Gold:   71         SH:  4    Dex:  9    Spells: 2/2 levels left

rFire   . . .        a - +0 war axe
rCold   . . .        c - +0 buckler
rNeg    + . .        b - +0 scale mail
rPois   ∞            (no helmet)
rElec   +            (no cloak)
rCorr   .            (no gloves)
SInv    .            (no boots)
Will    .....        (no amulet) Stlth
                     (no ring)
HPRegen 0.24/turn    (no ring)
MPRegen 0.08/turn

%: no passive effects
@: no status effects
A: sickness immunity, AC +3, negative energy resistance 1, electricity
resistance, torment resistance 1, petrification resistance
a: no special abilities


You were on level 2 of the Dungeon.
You visited 1 branch of the dungeon, and saw 2 of its levels.

You collected 71 gold pieces.

Inventory:

Hand Weapons
 a - a +0 war axe (weapon)
Armour
 b - a +0 scale mail (worn)
 c - a +0 buckler (worn)
Scrolls
 g - 2 scrolls of amnesia {unknown}
 h - a scroll of noise {unknown}
 i - a scroll of identify {unknown}
 j - a scroll of summoning {unknown}
Potions
 d - a potion of might
 f - a potion of haste


   Skills:
 + Level 3.7 Fighting
 + Level 2.5 Axes
 + Level 3.6 Armour
 * Level 0.9 Dodging
 + Level 3.5 Shields


You had 2 spell levels left.
You didn't know any spells.
Your spell library contained the following spells:

 Spells                   Type           Power      Damage    Failure   Level
 Sandblast                Erth           0%         2d4       82%         1
 Passwall                 Tmut/Erth      0%         N/A       91%         2
 Stone Arrow              Conj/Erth      0%         3d7       99%         3


Dungeon Overview and Level Annotations

Branches:
Dungeon (2/15)

Altars:

Annotations:
D:2 Sigmund


Innate Abilities, Weirdness & Mutations

You are immune to sickness and miasma.
Your stone body is resilient. (AC +3)
You are immune to poison.
You resist negative energy. (rN+)
You are resistant to electric shocks. (rElec)
You are resistant to unholy torment.
You are immune to petrification.


Message History

You hit the jackal. You hit the endoplasm. The endoplasm misses you.
The jackal closely misses you. The endoplasm barely misses you.
You block the jackal's attack. The jackal barely misses you.
The endoplasm freezes you.
You are frozen.
You completely miss the endoplasm.
The endoplasm is moderately wounded.
You hit the jackal.
You kill the jackal!
The endoplasm freezes you.
You are frozen.
Sigmund gestures at you while chanting. The magic dart hits you.
The endoplasm freezes you.
You are frozen.
The endoplasm attacks as you move away! The endoplasm closely misses you.
The endoplasm attacks as you move away! The endoplasm barely misses you.
An endoplasm comes into view.
The endoplasm quivers.
The endoplasm attacks as you move away!
The endoplasm hits you but does no damage.
The endoplasm attacks as you move away! You block the endoplasm's attack.
The endoplasm hits you but does no damage.
You slash the endoplasm!
You kill the endoplasm!
You hit the endoplasm.
You kill the endoplasm!
Sigmund hits you from afar with a +2 scythe of flaming.
Sigmund burns you.
* * * LOW HITPOINT WARNING * * *
It was a potion of haste.
You feel yourself speed up.
It was a potion of cancellation.
Your magical effects are unravelling.
You feel magically purged.
You feel yourself slow down.
Sigmund hits you from afar with a +2 scythe of flaming.
* * * LOW HITPOINT WARNING * * *
Sigmund burns you.
You die...

#.#
#..#.##.##.#.#.##.
...
..................
...
....#............##
..... #.#.#
#[....#.##.# .....
#.# ##.........##
#.....# #.#
###..#.##... #.#
#..#.##.## # #.#
#.......# #.#@#
##.#.##### #.#.#
#........ #.#@###
#...#####
.####.....######...#
...............†)..#
#####.............##
#.#)..........#
#............##
#...#######.##


You could see Sigmund.

Vanquished Creatures
  An adder (D:2)
  A dart slug (D:2)
  3 ball pythons
  2 bats (D:1)
  6 endoplasms
  3 goblins
  3 hobgoblins (D:1)
  2 jackals (D:2)
  7 kobolds
  A quokka (D:1)
  2 frilled lizards (D:1)
  5 rats
36 creatures vanquished.

Notes
Turn   | Place    | Note
-------+----------+-------------------------------------------
     0 | D:1      | Dorkslayer the Gargoyle Fighter began the quest for the
                  | Orb.
     0 | D:1      | Reached XP level 1. HP: 14/14 MP: 1/1
   164 | D:1      | Reached XP level 2. HP: 19/19 MP: 2/2
   483 | D:1      | Reached XP level 3. HP: 23/23 MP: 3/3
   502 | D:1      | Found a faded altar of an unknown god.
   729 | D:2      | Noticed Sigmund
   741 | D:2      | HP: 1/24 [Sigmund/+2 scythe of flaming (6)]
   741 | D:2      | Slain by Sigmund

Illustrated notes

Levels and vault maps discovered:
D:1:      tarquinn_simple_flora_water_d, layout_rooms,
          shapermc_ecumenical_altar_petra, serial_aquarium,
          aquarium_bridge_straight [aquarium_subvault_bridge,
          aquarium_subvault_wall, aquarium_subvault_bridge,
          aquarium_subvault_balcony], aquarium_window_corner,
          aquarium_window_corner, aquarium_window_1, aquarium_view_2c,
          aquarium_balcony_double_4, aquarium_pool_S
D:2:      layout_loops_ring, kennysheep_generic_room_14, uniq_sigmund

Skill      XL: |  1  2 |
---------------+-------+-----
Axes           | 2 |  2.5
Fighting       | |  3.7
Armour         | |  3.6
Dodging        | |  0.9
Shields        | |  3.5

Action                     || total
---------------------------++-------
  Melee: War axe           ||    87
    Use: Potion            ||     2
 Armour: Scale mail        ||    55
  Dodge: Dodged            ||    55
  Block: Buckler           ||    18

Table legend: (Time is in decaauts)
 A = Elapsed time spent in this place.
 B = Non-inter-level travel time spent in this place.
 C = Inter-level travel time spent in this place.
 D = Time resting spent in this place.
 E = Time spent auto-exploring this place.
 F = Levels seen in this place.
 G = Mean time per level.
                   A        B        C        D        E       F      G
               +--------+--------+--------+--------+--------+-----+--------+
         Total |    778 |    778 |      0 |      0 |    375 |   2 |  389.0 |
       Dungeon |    778 |    778 |      0 |      0 |    375 |   2 |  389.0 |
               +--------+--------+--------+--------+--------+-----+--------+

Top non-repeatable levels by time:
     D:1: 591 daAuts
     D:2: 187 daAuts
